 Dungeon Crawl Stone Soup version 0.23-a0-436-g57debff (webtiles) character file.

6139 Lavandula the Grappler (level 10, -21/102 HPs)
             Began as an Octopode Hunter on Nov 16, 2018.
             Was a Priest of Makhleb.
             Demolished by a cyclops (shapeshifter) (23 damage)
             ... on level 9 of the Dungeon.
             The game lasted 00:28:13 (5585 turns).

Lavandula the Grappler (Octopode Hunter)            Turns: 5585, Time: 00:28:14

Health: -21/102    AC:  1    Str: 21    XL:     10   Next: 90%
Magic:  0/11       EV: 21    Int: 14    God:    Makhleb [***...]
Gold:   620        SH:  0    Dex: 15    Spells: 9/9 levels left

rFire    . . .     SeeInvis .     - Unarmed
rCold    . . .     Gourm    .   (no shield)
rNeg     . . .     Faith    .   (helmet restricted)
rPois    .         Spirit   +   n - amulet of guardian spirit
rElec    .         Reflect  .   j - +2 ring of strength
rCorr    .         Harm     .   k - ring of flight
MR       .....                  (no ring)
Stlth    ..........             (no ring)
HPRegen  0.27/turn              (no ring)
MPRegen  0.12/turn              (no ring)
                                (no ring)
                                (no ring)

@: berserking, lethally poisoned (-21 -> -54), very quick
A: almost no armour, stealthy swim, amphibious, 8 rings, constrict 8, repulsion
field 1, camouflage 1, agile 1, gelatinous body 1
a: Minor Destruction, Lesser Servant of Makhleb, Renounce Religion, Evoke Flight


You were on level 9 of the Dungeon.
You worshipped Makhleb.
Makhleb was most pleased with you.
You were not hungry.

You visited 1 branch of the dungeon, and saw 10 of its levels.

You collected 620 gold pieces.

Inventory:

Hand Weapons
 b - a cursed -3 spear
 g - a +0 spear
Missiles
 a - 197 stones
 c - 4 throwing nets
 r - 10 tomahawks
 x - 3 javelins (quivered)
Jewellery
 j - a +2 ring of strength (left tentacle)
 k - a ring of flight (right tentacle)
 n - an amulet of guardian spirit (around mantle)
 y - an uncursed ring of ice
Wands
 q - a wand of iceblast (2)
 A - a wand of acid (12)
Scrolls
 e - 2 scrolls of fog
 h - a scroll of enchant armour {unknown}
 i - 3 scrolls of teleportation
 l - a scroll of random uselessness
 m - 2 scrolls of remove curse
 s - a scroll of magic mapping
 u - a scroll of fear {unknown}
 w - a scroll of immolation {unknown}
 z - a scroll of noise {unknown}
Potions
 f - 3 potions of flight
 o - 2 potions of ambrosia
Comestibles
 d - 16 rations


   Skills:
 - Level 6.1 Fighting
 - Level 4.0 Throwing
 - Level 8.4 Dodging
 - Level 1.3 Stealth
 - Level 12.0 Unarmed Combat
 + Level 2.5 Invocations


You had 9 spell levels left.
You didn't know any spells.
Your spell library contained the following spells:

 Spells                   Type           Power        Failure   Level  Hunger
 Flame Tongue             Conj/Fire      #....        28%         1    ##.....
 Throw Flame              Conj/Fire      #.....       41%         2    ###....
 Conjure Flame            Conj/Fire      #.......     65%         3    ####...
 Inner Flame              Hex/Fire       #.......     65%         3    ####...
 Sticky Flame             Conj/Fire      #.......     96%         4    #####..
 Fireball                 Conj/Fire      #.........   100%        5    ######.


Dungeon Overview and Level Annotations

Branches:
Dungeon (10/15)              Lair (0/6) D:8
 Temple: D:4-7          Orc: D:9-12

Altars:
Cheibriados
Dithmenos
Elyvilon
Hepliaklqana
Makhleb
Nemelex Xobeh
Qazlal
Wu Jian
Zin

Shops:
D:7 *


Innate Abilities, Weirdness & Mutations

You cannot wear most types of armour.
You are very stealthy in the water. (Stealth+)
You are amphibious.
You can wear up to eight rings at the same time.
You can use your tentacles to constrict eight enemies at once.
Your skin changes colour to match your surroundings (Stealth+).
Your rubbery body absorbs attacks. (AC +1, EV +1)
You are surrounded by a mild repulsion field. (EV +2)
You are agile. (Dex +2)


Message History

You feel very sick. The wolf spider hits your smoke demon!!
Your smoke demon dies!
The wolf spider misses you. x2
Okay, then.
You bludgeon the wolf spider!
You kill the wolf spider!
Makhleb accepts your kill.
Your Invocations skill gained 2 levels and is now at level 2!
* * * LOW HITPOINT WARNING * * *
You feel very sick.
The torpor snail changes into a cyclops!
It was a potion of berserk rage.
A red film seems to cover your vision as you go berserk!
You feel yourself moving faster!
You feel mighty!
You feel yourself speed up.
* * * LOW HITPOINT WARNING * * *
You feel very sick. The cyclops hits you!!
You die...

########
#..'C..#
#..#.@.#
#}[w.#...#
#|}Ns#...#
######...#
#........#
#........#
#)().....#
#)########
#(#


You could see a cyclops shaped shifter.

Vanquished Creatures
  2 centaur warriors (D:9)
  A wolf spider (D:9)
  3 hippogriffs
  A basilisk (D:8)
  4 porcupines (D:8)
  An orc warrior (D:7)
  An ice beast (D:7)
  A sky beast (D:5)
  4 black bears (D:8)
  2 necrophages (D:7)
  5 ogres
  3 crocodiles (D:8)
  Blork the orc (D:4)
  2 bullfrogs (D:9)
  A scorpion (D:6)
  7 killer bees (D:8)
  3 howler monkeys (D:8)
  2 jellies
  2 crimson imps
  A bullfrog zombie (D:7)
  7 hounds
  3 orc priests (D:6)
  6 orc wizards
  4 bullfrog skeletons
  A centaur skeleton (D:7)
  An iguana (D:6)
  4 worker ants
  10 gnolls
  A howler monkey skeleton (D:7)
  8 adders
  A shadow imp (D:7)
  2 oozes
  An adder zombie (D:6)
  3 worms
  4 dart slugs
  4 leopard geckos
  32 orcs
  3 giant cockroaches
  2 hobgoblins
  19 jackals
  5 quokkas
  5 bats
  6 frilled lizards
  A giant cockroach zombie (D:5)
  6 goblins
  2 kobolds
  A leopard gecko zombie (D:6)
  A quokka zombie (D:7)
  4 rats
  A fungus (D:8)
195 creatures vanquished.

Vanquished Creatures (others)
  A troll (D:9)
  An acid dragon (D:9)
  A centaur (D:9)
  2 fungi (D:8)
  2 plants (D:8)
7 creatures vanquished.

Grand Total: 202 creatures vanquished

Notes
Turn   | Place    | Note
-------+----------+-------------------------------------------
     0 | D:1      | Lavandula the Octopode Hunter began the quest for the Orb.
     0 | D:1      | Reached XP level 1. HP: 14/14 MP: 1/1
   168 | D:2      | Noticed a crimson imp
   255 | D:2      | Reached skill level 1 in Unarmed Combat
   255 | D:2      | Reached XP level 2. HP: 11/19 MP: 2/2
   475 | D:2      | Reached skill level 2 in Unarmed Combat
   490 | D:2      | Reached XP level 3. HP: 13/24 MP: 3/3
   530 | D:2      | Reached skill level 3 in Unarmed Combat
   556 | D:2      | HP: 1/24 [gnoll/+0 spear (5)]
   637 | D:2      | Reached XP level 4. HP: 9/29 MP: 4/4
   905 | D:1      | Reached skill level 4 in Unarmed Combat
  1105 | D:3      | Found a hazy altar of Hepliaklqana.
  1133 | D:3      | Found a shadowy altar of Dithmenos.
  1136 | D:3      | Found a sparkling altar of Nemelex Xobeh.
  1137 | D:3      | Found a snail-covered altar of Cheibriados.
  1137 | D:3      | Found a stormy altar of Qazlal.
  1137 | D:3      | Found a white marble altar of Elyvilon.
  1138 | D:3      | Found a burning altar of Makhleb.
  1138 | D:3      | Found an ornate altar of the Wu Jian Council.
  1154 | D:3      | Became a worshipper of Makhleb the Destroyer
  1259 | D:3      | Reached XP level 5. HP: 34/34 MP: 5/5
  1433 | D:4      | Noticed Blork the orc
  1651 | D:4      | Killed Blork the orc
  1651 | D:4      | Reached skill level 5 in Unarmed Combat
  1651 | D:4      | Reached XP level 6. HP: 18/39 MP: 2/6
  1757 | D:3      | Reached * piety under Makhleb
  1757 | D:3      | Reached skill level 6 in Unarmed Combat
  1810 | D:4      | Reached skill level 7 in Unarmed Combat
  1810 | D:4      | Reached XP level 7. HP: 9/45 MP: 1/7
  1992 | D:5      | Entered Level 5 of the Dungeon
  2659 | D:6      | Reached XP level 8. HP: 28/50 MP: 5/8
  2689 | D:7      | Reached skill level 8 in Unarmed Combat
  2722 | D:7      | Reached ** piety under Makhleb
  2770 | D:7      | Reached skill level 5 in Dodging
  2845 | D:6      | HP: 1/51 [something (4)]
  3001 | D:7      | Found Xoasok's General Store.
  3261 | D:7      | Noticed a hippogriff
  3277 | D:7      | Killed a hippogriff
  3277 | D:7      | Reached skill level 5 in Fighting
  3277 | D:7      | Reached XP level 9. HP: 28/61 MP: 0/9
  3511 | D:8      | Found a glowing silver altar of Zin.
  3673 | D:8      | Reached *** piety under Makhleb
  3673 | D:8      | Reached skill level 9 in Unarmed Combat
  3800 | D:6      | Found a white marble altar of Elyvilon.
  4186 | D:8      | Reached skill level 10 in Unarmed Combat
  4237 | D:8      | Found a staircase to the Lair.
  4262 | D:8      | Reached XP level 10. HP: 39/68 MP: 6/10
  4307 | D:7      | Reached skill level 11 in Unarmed Combat
  4968 | D:10     | Entered Level 10 of the Dungeon
  4996 | D:9      | Reached skill level 12 in Unarmed Combat
  5025 | D:9      | Noticed a centaur warrior
  5025 | D:9      | Noticed a centaur warrior
  5043 | D:9      | Killed a centaur warrior
  5060 | D:9      | Killed a centaur warrior
  5131 | D:9      | Noticed a salamander
  5131 | D:9      | Noticed a wolf spider
  5577 | D:9      | Noticed a torpor snail
  5583 | D:9      | Gained mutation: You are agile. (Dex +2) [potion of
                  | mutation]
  5583 | D:9      | Gained mutation: You are surrounded by a mild repulsion
                  | field. (EV +2) [potion of mutation]
  5584 | D:9      | Killed a wolf spider
  5584 | D:9      | Noticed a cyclops
  5584 | D:9      | a torpor snail changed into a cyclops
  5585 | D:9      | HP: 2/102 [poisoned by a wolf spider]
  5585 | D:9      | Demolished by a cyclops (shapeshifter)

Vault maps used:
D:1:      dpeg_arrival_pits, chequers_serial_rivers_room_b
D:3:      nicolae_overflow_hidden_temple, grunt_temple_overflow_open,
          first_ration
D:4:      uniq_blork_the_orc
D:5:      chequers_mini_garden
D:6:      temple_statues, elyvilon_altar_4
D:7:      serial_shops, shop_coins, minmay_crystal_room, grunt_ogre_cave
D:8:      lemuel_upstairs_altar, lemuel_round_altar, minmay_lair_entry_grove
D:9:      minmay_shrinking_squares, gammafunk_ghost_necromancy, serial_shops,
          nicolae_shop_behind_doors

Skill      XL: |  1  2  3  4  5  6  7  8  9 10 |
---------------+-------------------------------+-----
Unarmed Combat | 1 2 3 4 5 7 8 10 12 | 12.0
Dodging        | 4 6 8 |  8.4
Fighting       | 5 6 |  6.1
Invocations    | 2 |  2.5
Throwing       | |  4.0
Stealth        | |  1.3

Action                   |  1- 3 |  4- 6 |  7- 9 | 10-12 || total
-------------------------+-------+-------+-------+-------++-------
Melee: Unarmed           |    44 |    88 |   269 |   109 ||   510
       Constrict         |    10 |    21 |    55 |     9 ||    95
       Tentacles         |     8 |    19 |    69 |    19 ||   115
       Short sword       |     1 |       |       |       ||     1
       Punch             |     1 |     1 |    12 |    10 ||    24
Throw: Javelin           |    13 |    29 |    41 |     6 ||    89
       Throwing net      |     1 |       |       |       ||     1
       Stone             |       |     6 |     9 |    46 ||    61
       Tomahawk          |       |     4 |    27 |     8 ||    39
Invok: Lesser Servant of |       |       |       |     2 ||     2
Evoke: Wand              |       |       |     4 |     3 ||     7
  Use: Scroll            |       |     2 |     6 |     1 ||     9
       Potion            |       |       |     3 |     4 ||     7
 Stab: Sleeping          |     3 |     6 |     4 |       ||    13
       Invisible         |       |       |     2 |     3 ||     5
       Distracted        |       |       |     1 |     1 ||     2
  Eat: Chunk             |       |     3 |     8 |     3 ||    14
       Ration            |       |       |       |     1 ||     1
Armor: Skin              |     1 |     3 |     6 |     1 ||    11
Dodge: Dodged            |    21 |    29 |   129 |   102 ||   281

Table legend:
 A = Non-vault XP
 B = Vault XP
 C = Vault XP percentage of total XP
 D = Non-vault monster count
 E = Vault monster count
 F = Vault count percentage of total count
                 A         B        C        D         E       F
            +---------+---------+-------+---------+---------+-------
      Total |    4418 |    4353 |  49.6 |     175 |      22 |  11.2
            +---------+---------+-------+---------+---------+-------
        D:1 |      17 |       0 |   0.0 |       7 |       0 |   0.0
        D:2 |     112 |       0 |   0.0 |      28 |       0 |   0.0
        D:3 |     215 |       0 |   0.0 |      18 |       0 |   0.0
        D:4 |     386 |      91 |  19.1 |      19 |       1 |   5.0
        D:5 |     251 |       0 |   0.0 |      12 |       0 |   0.0
        D:6 |     471 |       0 |   0.0 |      22 |       0 |   0.0
        D:7 |    1559 |     113 |   6.8 |      35 |       1 |   2.8
        D:8 |     877 |    1607 |  64.7 |      28 |      13 |  31.7
        D:9 |     530 |    2542 |  82.7 |       6 |       7 |  53.8
            +---------+---------+-------+---------+---------+-------
